Match 38340297
Unlisted

Match 38340297
End
Engineer Squad
Construct Barracks
Selects Advanced Infantry Battlegroup
Riflemen Squad
Riflemen Squad
Riflemen Squad
Selects Convert to Ranger Squad
Convert to Ranger Squad
Air Support Center
.30 cal Machine Gun
Selects Frontline Medical Station
Frontline Medical Station
Convert to Ranger Squad
Convert to Ranger Squad
.30 cal Machine Gun
Ranger Squad
Construct Tank Depot
Green
RDFlight
sachok931
Zakolak
qZeto
Epicdeath
BIOHAZARD
Gorgolo
0
0

Comments sign in to comment!

No comments posted yet!